 Dungeon Crawl Stone Soup version 0.17-a0-146-gd505748 (webtiles) character file.

14940 Ngotmuk the Protected (level 11, -12/94 HPs)
             Began as a Deep Dwarf Fighter on Mar 25, 2015.
             Was a Priest of Ru.
             Mangled by a freezing wraith (15 damage)
             ... in an ice cave.
             The game lasted 00:49:02 (8932 turns).

Ngotmuk the Protected (Deep Dwarf Fighter)          Turns: 8932, Time: 00:49:03

Health: -12/94     AC: 25    Str: 22    XL:     11   Next: 95%
Magic:  10/10      EV:  7    Int: 10    God:    Ru [***...]
Gold:   633        SH: 13    Dex: 12    Spells: 0 memorised, 10 levels left

rFire  . . .     SeeInvis +     g - +9 hand axe "Iseakh" {freeze, MR+}
rCold  . . .     Clarity  .     e - +3 chain mail of the Ten Gods {SInv Stlth+}
rNeg   + . .     SustAb   .     c - +1 shield
rPois  +         Gourm    .     k - +2 helmet {SInv}
rElec  .         Spirit   .     a - +2 cloak
rCorr  .         Warding  .     b - +0 pair of gloves
rMut   .         Stasis   .     y - +0 pair of boots
MR     +....                    (no amulet)
Stlth  ..........               (no ring)
                                v - ring of positive energy

@: non-regenerating, drained, somewhat resistant to hostile enchantments,
extremely unstealthy
A: damage resistance, recharge devices, sense surroundings 2, poison resistance,
slow healing 3, hated by all, no conjurations magic, no earth magic, no hexes
magic, magic vulnerability 1
a: Device Recharging, Draw Out Power, Renounce Religion


You were in an ice cave.
You worshipped Ru.
Ru was most pleased with you.
You were not hungry.

You visited 3 branches of the dungeon, and saw 13 of its levels.
You also visited: Ossuary, Bailey and Ice Cave.

You collected 633 gold pieces.

Inventory:

Hand weapons
 g - the +9 hand axe "Iseakh" (weapon) {freeze, MR+}
   (You found it on level 10 of the Dungeon)

   It has been specially enchanted to freeze those struck by it, causing extra
   injury to most foes and up to half again as much damage against particularly
   susceptible opponents.
   It can also slow down cold-blooded creatures.
   It affects your resistance to hostile enchantments.
Armour
 a - a +2 cloak (worn)
 b - a +0 pair of gloves (worn)
 c - a +1 shield (worn)
 e - the +3 chain mail of the Ten Gods (worn) {SInv Stlth+}
   (You found it on level 11 of the Dungeon)

   It enhances your eyesight.
   It makes you more stealthy.
 k - a +2 helmet of see invisible (worn)
 y - a +0 pair of boots (worn)
 K - a +0 fire dragon armour
Jewellery
 v - a ring of positive energy (left hand)
Magical devices
 d - a wand of heal wounds (0)
Scrolls
 h - 7 scrolls of identify
 j - 3 scrolls of remove curse
 l - 2 scrolls of enchant armour
 n - a scroll of fog
 o - 2 scrolls of amnesia
 u - a scroll of silence
 F - a scroll of teleportation
Potions
 m - 2 potions of brilliance
 p - 4 potions of restore abilities
 q - 12 potions of curing
 t - a potion of haste
 H - 2 potions of cure mutation
Comestibles
 f - 10 bread rations
 D - 5 beef jerkies


   Skills:
 + Level 5.1(4.3) Fighting
   Level 10.6(9.6) Maces & Flails
 + Level 12.5(11.5) Armour
 + Level 12.3(11.3) Shields


You had 10 spell levels left.
You didn't know any spells.

Dungeon Overview and Level Annotations

Branches:
Dungeon (12/15)            Temple (1/1) D:6            Lair (0/8) D:11
    Orc (1/4) D:12

Altars:
Ashenzari
Cheibriados
Dithmenos
Elyvilon
Fedhas
Gozag
Kikubaaqudgha
Makhleb
Nemelex Xobeh
Okawaru
Qazlal
Ru
Sif Muna
Trog
Vehumet
Xom
Yredelemnul
Zin
The Shining One

Shops:
D:8 ?   D:9 ?%   D:10 !

Annotations:
D:11 Creepadon's ghost, powerful TrBe
D:12 Erica


Innate Abilities, Weirdness & Mutations

You are resistant to damage.
You can recharge devices by infusing magical energy.
You passively map the area around you.
You do not heal naturally.
You are hated by all.
You cannot study or cast Conjurations magic.
You cannot study or cast Earth magic.
You cannot study or cast Hexes magic.
You are slightly vulnerable to magic.
Your system is resistant to poisons.


Message History

You block the freezing wraith's attack.
The freezing wraith hits you but does no damage. x2
You hit the freezing wraith.
The freezing wraith is moderately damaged.
You barely miss the freezing wraith. You block the freezing wraith's attack.
The freezing wraith hits you!
* * * LOW HITPOINT WARNING * * *
The freezing wraith hits you!
* * * LOW HITPOINT WARNING * * *
The freezing wraith freezes you!
* * * LOW HITPOINT WARNING * * *
You block the freezing wraith's attack.
Drink which item? (? for menu, Esc to quit)
You feel much better. The freezing wraith hits you.
* * * LOW HITPOINT WARNING * * *
The freezing wraith freezes you!!
* * * LOW HITPOINT WARNING * * *
The freezing wraith completely misses you.
The freezing wraith hits you. The freezing wraith freezes you!
You die...

###### ###....##
#...WW..#
#...###@.## *
#...*##..## ≈
#...*##..## *.WW
*#...# * . #..##
##### ,, ** #...###
###...#### ,* *
##....###........##
##...............##
* *
####.............#


You could see 2 freezing wraiths.

Vanquished Creatures
  Gastronok (D:9)
  The ghost of Emanloe the Sneak, an experienced GrFi of Ru (D:11)
  An unseen horror (D:12)
  A hill giant (D:11)
  Pikel (D:9)
  A fire drake (D:11)
  A red devil (D:9)
  A wolf spider simulacrum (IceCv)
  2 trolls (D:10)
  A human (D:4)
  2 wraiths
  16 yaks
  2 wyverns
  3 vampire mosquitoes (D:12)
  2 hungry ghosts
  Edmund (D:6)
  Menkaure (D:7)
  A warg (Orc:1)
  7 ice beasts
  A soldier ant (D:10)
  4 phantoms
  An eye of draining (D:9)
  4 black bears
  2 orc warriors
  6 sky beasts
  A wasp (D:9)
  8 centaurs
  A crocodile (D:8)
  7 ogres
  Duvessa (Orc:1)
  Blork the orc (D:9)
  4 giant frogs
  3 scorpions
  2 water moccasin skeletons
  4 killer bees (D:7)
  3 crimson imps
  Dowan (Orc:1)
  9 wights
  2 giant frog zombies (D:5)
  2 goliath beetles
  8 hounds
  4 human zombies
  A jelly (D:8)
  Crazy Yiuf (D:6)
  An orc priest (Orc:1)
  A giant frog skeleton (D:9)
  3 centaur skeletons
  6 orc wizards
  2 iguanas
  2 quasits
  2 polar bear simulacra (IceCv)
  8 worker ants
  A wolf simulacrum (IceCv)
  5 hound zombies
  5 mummies
  3 worker ant zombies
  15 adders
  14 gnolls
  2 shadow imps
  A giant mite (D:5)
  17 white imps
  A worm (D:2)
  5 adder skeletons
  4 adder zombies
  3 giant geckos
  36 orcs
  2 ball pythons
  11 bats
  A bat skeleton (D:5)
  6 bat zombies (D:5)
  5 giant cockroaches
  12 goblins
  23 hobgoblins
  9 jackals
  3 quokkas
  2 giant gecko skeletons
  2 giant gecko zombies (D:5)
  5 giant newts
  A goblin skeleton (D:4)
  A hobgoblin zombie (Ossuary)
  A jackal skeleton (D:4)
  2 jackal zombies (Ossuary)
  18 kobolds
  5 kobold zombies
  2 orc zombies
  A quokka skeleton (D:7)
  A quokka zombie (D:5)
  20 rats
  3 rat zombies
  A ballistomycete (D:8)
  A fungus (D:6)
402 creatures vanquished.

Vanquished Creatures (others)
  A centaur (D:11)
  A giant spore (D:8)
2 creatures vanquished.

Grand Total: 404 creatures vanquished

Notes
Turn   | Place    | Note
--------------------------------------------------------------
     0 | D:1      | Ngotmuk, the Deep Dwarf Fighter, began the quest for the Orb.
     0 | D:1      | Reached XP level 1. HP: 20/20 MP: 1/1
   103 | D:1      | Reached XP level 2. HP: 27/27 MP: 2/2
   773 | D:2      | Reached XP level 3. HP: 26/33 MP: 3/3
   817 | D:2      | Reached skill level 4 in Armour
   886 | D:2      | Found a glowing silver altar of Zin.
   948 | D:2      | Reached XP level 4. HP: 24/40 MP: 4/4
  1217 | D:2      | Found a deep blue altar of Sif Muna.
  1217 | D:2      | Found a basalt altar of Yredelemnul.
  1423 | D:2      | You fall through a shaft for 2 floors!
  1545 | D:4      | Found a runed door.
  1545 | D:4      | Noticed a human
  1562 | D:4      | Reached XP level 5. HP: 10/48 MP: 5/5
  1565 | D:4      | Found a basalt altar of Yredelemnul.
  1608 | D:4      | Killed a human
  1608 | D:4      | Reached skill level 5 in Armour
  1608 | D:4      | Reached skill level 5 in Shields
  1608 | D:4      | Reached XP level 6. HP: 27/55 MP: 6/6
  1649 | D:4      | Noticed a phantom
  1699 | D:4      | Killed a phantom
  1755 | D:4      | Found a sand-covered staircase.
  1770 | Ossuary  | Entered an ossuary
  1846 | Ossuary  | Reached XP level 7. HP: 26/61 MP: 7/7
  1993 | Ossuary  | Reached skill level 6 in Armour
  2248 | D:4      | Reached skill level 5 in Maces & Flails
  2275 | D:5      | Entered Level 5 of the Dungeon
  2735 | D:5      | Reached XP level 8. HP: 47/68 MP: 8/8
  2878 | D:5      | Reached skill level 7 in Armour
  3405 | D:6      | Found a staircase to the Ecumenical Temple.
  3424 | D:6      | Noticed Edmund
  3441 | Temple   | Entered the Ecumenical Temple
  3515 | Temple   | Became a worshipper of Ru the Awakened
  3548 | D:6      | Killed Edmund
  3755 | D:6      | Reached skill level 8 in Armour
  4112 | D:6      | Found a burning altar of Makhleb.
  4289 | D:6      | Gained mutation: You passively map the area around you. [level up]
  4289 | D:6      | Reached XP level 9. HP: 38/74 MP: 9/9
  4363 | D:6      | Noticed Crazy Yiuf
  4368 | D:6      | Killed Crazy Yiuf
  4977 | D:7      | Found a shadowy altar of Dithmenos.
  4992 | D:7      | Noticed Menkaure
  5109 | D:7      | Killed Menkaure
  5109 | D:7      | Reached skill level 9 in Armour
  5354 | D:8      | Got a transparent robe
  5371 | D:8      | Identified the +0 robe of the Equator {+Fly Int+2 SInv} (You found it on level 8 of the Dungeon)
  5384 | D:8      | Found a snail-covered altar of Cheibriados.
  5540 | D:8      | Found an ancient bone altar of Kikubaaqudgha.
  5689 | D:8      | Found Proanawn's Magic Scroll Shop.
  5841 | D:8      | Gained mutation: Your mind is acute. (Int +2) [mutagenic meat]
  5842 | D:8      | Gained mutation: Scrolls take you a little longer to read. [mutagenic meat]
  5843 | D:8      | Gained mutation: You are robust (+10% HP). [mutagenic meat]
  6094 | D:9      | Found Klyuniona's Magic Scroll Emporium.
  6102 | D:9      | Found a blossoming altar of Fedhas.
  6111 | D:9      | Noticed Gastronok
  6137 | D:9      | Killed Gastronok
  6137 | D:9      | Reached skill level 10 in Armour
  6137 | D:9      | Reached skill level 10 in Shields
  6137 | D:9      | Reached XP level 10. HP: 38/90 MP: 10/10
  6190 | D:9      | Noticed a rust devil
  6190 | D:9      | Noticed an orange demon
  6190 | D:9      | Found a burning altar of Makhleb.
  6191 | D:9      | Noticed a rust devil
  6191 | D:9      | Noticed a rust devil
  6462 | D:9      | Gained mutation: You are slightly vulnerable to magic. [Ru sacrifice]
  6462 | D:9      | Acquired Ru's first power
  6463 | D:9      | Gained mutation: Your system is resistant to poisons. [potion of beneficial mutation]
  6799 | D:9      | Noticed Blork the orc
  6799 | D:9      | Noticed Pikel
  6803 | D:9      | Killed Blork the orc
  6809 | D:9      | Killed Pikel
  6836 | D:9      | Found Qutsoyso's Food Boutique.
  7081 | D:9      | Reached skill level 11 in Armour
  7106 | D:9      | Reached skill level 10 in Maces & Flails
  7139 | D:9      | Reached XP level 11. HP: 34/96 MP: 11/11
  7194 | D:10     | Entered Level 10 of the Dungeon
  7449 | D:10     | Gained mutation: You can translocate small distances at will. [potion of beneficial mutation]
  7484 | D:10     | Lost mutation: Your mind is acute. (Int +2) [potion of cure mutation]
  7484 | D:10     | Lost mutation: Scrolls take you a little longer to read. [potion of cure mutation]
  7484 | D:10     | Lost mutation: You can translocate small distances at will. [potion of cure mutation]
  7484 | D:10     | Lost mutation: You are robust (+10% HP). [potion of cure mutation]
  7550 | D:10     | Found a flagged portal.
  7573 | D:10     | Got a dazzling hand axe
  7574 | D:10     | Identified the +9 hand axe "Iseakh" {freeze, MR+} (You found it on level 10 of the Dungeon)
  7577 | Bailey   | Entered a bailey
  7814 | Bailey   | Gained mutation: You are hated by all. [Ru sacrifice]
  7814 | Bailey   | Acquired Ru's second power
  7943 | D:10     | Found Qadifiem's Distillery.
  8176 | D:11     | Noticed Emanloe's ghost (experienced GrFi)
  8202 | D:11     | Killed Emanloe's ghost
  8218 | D:11     | Noticed a hill giant
  8240 | D:11     | Killed a hill giant
  8290 | D:11     | Got a steaming chain mail
  8302 | D:11     | Identified the +3 chain mail of the Ten Gods {SInv Stlth+} (You found it on level 11 of the Dungeon)
  8354 | D:11     | Found a staircase to the Lair.
  8368 | D:11     | Reached skill level 12 in Armour
  8452 | D:11     | Noticed Creepadon's ghost (powerful TrBe)
  8526 | D:12     | Found a staircase to the Orcish Mines.
  8551 | D:12     | Noticed an unseen horror
  8560 | D:12     | Killed an unseen horror
  8575 | D:12     | Noticed Erica
  8580 | Orc:1    | Entered Level 1 of the Orcish Mines
  8584 | Orc:1    | Noticed Dowan
  8593 | Orc:1    | Noticed Duvessa
  8603 | Orc:1    | Killed Duvessa
  8611 | Orc:1    | Killed Dowan
  8783 | Orc:1    | Found a frozen archway.
  8812 | IceCv    | Entered an ice cave
  8822 | IceCv    | Reached skill level 5 in Fighting
  8825 | IceCv    | Gained mutation: You cannot study or cast Earth magic. [Ru sacrifice]
  8825 | IceCv    | Gained mutation: You cannot study or cast Hexes magic. [Ru sacrifice]
  8825 | IceCv    | Gained mutation: You cannot study or cast Conjurations magic. [Ru sacrifice]
  8825 | IceCv    | Acquired Ru's third power
  8932 | IceCv    | HP: 3/94 [freezing wraith (19)]
  8932 | IceCv    | Mangled by a freezing wraith

Action                   |  1- 3 |  4- 6 |  7- 9 | 10-12 || total
-------------------------+-------+-------+-------+-------++-------
Melee: Flail             |   136 |   221 |   802 |   119 ||  1278
       Whip              |       |       |       |   197 ||   197
       Demon trident     |       |       |       |    34 ||    34
       Hand axe          |       |       |       |   329 ||   329
Invok: Reject Sacrifices |       |       |     1 |       ||     1
       Sacrifice Essence |       |       |       |     1 ||     1
       Draw Out Power    |       |       |       |     3 ||     3
       Sacrifice Love    |       |       |       |     1 ||     1
       Sacrifice Arcana  |       |       |       |     1 ||     1
 Abil: Device Recharging |       |       |       |     1 ||     1
Evoke: Wand              |       |     2 |    12 |    17 ||    31
  Use: Scroll            |       |       |    12 |     4 ||    16
       Potion            |       |       |     4 |    14 ||    18
 Stab: Distracted        |       |       |       |     1 ||     1
  Eat: Meat ration       |       |     1 |     1 |       ||     2
       Pizza             |       |       |     2 |       ||     2
       Fruit             |       |       |     7 |       ||     7
       Chunk             |       |       |     3 |       ||     3
       Beef jerky        |       |       |       |     5 ||     5
       Bread ration      |       |       |       |     1 ||     1
